Map: Frozen Temple

Players

Sisyphus - Winner!

  • Race: Zerg Zerg
  • League: Silver

LMLelas

  • Race: Zerg Zerg
  • League: Silver

VOD

Have the link to the VOD?

Description

Time

  • Played on: May 17, 2016, 5:27 p.m.
  • Length: 12:44
Show
View Real Time Build Order
Export as new Build Order

Sisyphus Zerg - Winner!

Build Orders: Hatch First 

Get SALT Encoding   

  12  0:02  Drone  
  13  0:08  Drone  
  14  0:18  Overlord  
  14  0:36  Drone x3  
  17  0:58  Hatchery  
  16  1:16  Spawning Pool  
  16  1:18  Drone  
  16  1:30  Extractor  
  15  1:39  Drone x2  
  17  1:40  Drone  
  18  1:57  Drone  
  19  2:09  Queen  
  19  2:10  Queen  
  19  2:14  Extractor, Drone  
  23  2:20  Overlord  
  23  2:27  Zergling x6  
  25  3:29  Metabolic Boost  
  25  3:31  Roach Warren  
  25  3:32  Overlord  
  25  3:34  Drone x4  
  28  3:46  Spine Crawler  
  27  3:54  Drone x2  
  29  4:02  Drone  
  30  4:05  Overlord  
  30  4:11  Queen  
  32  4:22  Roach x2  
  32  4:23  Roach  
  32  4:36  Roach x2  
  36  4:53  Roach x2  
  36  4:56  Overlord  
  40  5:02  Lair  
  40  5:10  Queen  
  40  5:12  Overlord  
  42  5:18  Drone  
  43  5:25  Drone x2  
  45  5:34  Roach x2  
  49  5:45  Drone  
  49  5:46  Zergling x8  
  54  5:59  Drone x3  
  54  6:00  Overlord  
  57  6:28  Pneumatized Carapace  
  57  6:36  Overseer  
  57  6:38  Roach  
  57  6:39  Overlord x2  
  59  6:42  Drone  
  59  6:43  Spire  
  59  6:59  Zergling x4, Extractor  
  59  7:00  Extractor  
  59  7:16  Drone x3  
  62  7:36  Drone x4  
  66  7:50  Overlord x2, Spine Crawler  
  65  7:51  Drone x2  
  67  8:01  Mutalisk x3  
  67  8:02  Mutalisk  
  67  8:05  Overlord  
  75  8:06  Overlord  
  75  8:12  Zerg Flyer Armor Level 1  
  75  8:16  Overseer  
  75  8:23  Mutalisk x2  
  79  8:30  Zergling x2  
  79  8:31  Zergling x2  
  81  8:42  Mutalisk  
  81  8:43  Mutalisk  
  85  8:53  Mutalisk  
  81  9:34  Mutalisk x4  
  81  9:35  Mutalisk  
  90  9:39  Zergling x12  
  90  9:40  Zergling x4  
  61  10:22  Mutalisk x2  
  61  10:23  Mutalisk x3  
  70  10:36  Mutalisk  
  69  10:56  Mutalisk x2  
  73  10:58  Drone x4  
  77  11:21  Mutalisk x3  
  83  12:01  Mutalisk x2  
  83  12:02  Mutalisk x2  
  83  12:03  Zergling x4  
Show
View Real Time Build Order
Export as new Build Order

LMLelas Zerg 

Build Orders: Pool First, Muta Ling Bane 

Get SALT Encoding   

  12  0:01  Drone  
  13  0:08  Drone  
  14  0:14  Extractor  
  14  0:16  Drone  
  15  0:22  Overlord  
  15  0:40  Spawning Pool  
  14  0:43  Extractor, Drone  
  14  0:47  Drone  
  15  0:57  Drone x2  
  17  1:27  Hatchery  
  16  1:35  Zergling x4  
  16  1:36  Zergling x2  
  19  1:48  Queen  
  21  1:56  Metabolic Boost  
  21  2:05  Zergling x2  
  21  2:08  Overlord  
  22  2:14  Baneling Nest  
  21  2:18  Zergling x2  
  22  2:39  Drone x2  
  22  3:12  Baneling  
  22  3:13  Baneling  
  22  3:16  Queen  
  24  3:23  Overlord x2  
  24  3:26  Lair  
  24  3:46  Drone  
  24  3:47  Drone x5  
  30  3:54  Extractor  
  29  3:57  Roach Warren  
  25  4:32  Zergling x2  
  25  4:33  Zergling x10  
  31  4:47  Glial Reconstitution  
  31  4:52  Evolution Chamber  
  30  5:00  Extractor  
  30  5:01  Drone x5  
  30  5:04  Centrifical Hooks  
  34  5:14  Drone x2  
  34  5:15  Overlord x2  
  34  5:16  Overlord  
  34  5:17  Overseer  
  36  5:26  Zerg Missile Weapons Level 1  
  36  5:39  Roach x4  
  36  5:40  Roach  
  46  5:58  Roach  
  46  5:59  Roach x3  
  53  6:25  Spire  
  52  6:44  Drone x4  
  52  6:45  Overlord x2, Drone x3  
  59  6:54  Evolution Chamber  
  58  7:07  Pneumatized Carapace  
  58  7:17  Extractor  
  58  7:18  Overlord  
  58  7:19  Overlord  
  57  7:24  Ravager x3  
  60  7:30  Zerg Missile Weapons Level 2  
  60  7:32  Zerg Ground Armor Level 1  
  60  7:45  Drone x7  
  67  8:04  Mutalisk x3  
  73  8:12  Zerg Flyer Weapons Level 1  
  73  8:24  Mutalisk  
  75  8:36  Mutalisk  
  75  8:37  Mutalisk  
  79  8:43  Zergling x22  
  79  8:47  Overlord  
  90  8:58  Overlord  
  88  9:28  Mutalisk x5  
  62  10:26  Zergling x2  
  62  10:27  Zergling x20  
  49  10:54  Spore Crawler  
  49  10:56  Mutalisk  
  42  10:57  Mutalisk x4  
  42  11:00  Queen  
  41  11:19  Mutalisk  
  41  11:20  Mutalisk x3  
  44  11:35  Queen  
  44  11:38  Mutalisk  
  44  11:39  Mutalisk x2  
  49  11:45  Spore Crawler  
Tags
 
Add a new tag
Caveats
  • Supply blocks, unpowered buildings, or Contaminate may cause inaccurate times.
  • Supply counts are checked every 10 seconds.